 Dungeon Crawl Stone Soup version 0.28.0-45-g0d030f2227 (webtiles) character file.

Game seed: 895820078322769557

20 Saba the Bolt Thrower (level 2, -8/18 HPs)
             Began as a Gargoyle Hunter on Apr 4, 2022.
             Mangled by Sigmund
             ... wielding a +0 scythe
              (11 damage)
             ... on level 2 of the Dungeon.
             The game lasted 00:01:26 (1101 turns).

Saba the Bolt Thrower (Gargoyle Hunter)             Turns: 1101, Time: 00:01:27

Health: -8/18      AC:  6    Str: 15    XL:     2   Next: 79%
Magic:  2/2        EV: 11    Int: 11    God:
Gold:   54         SH:  0    Dex: 10    Spells: 1/1 levels left

rFire   + . .      SeeInvis .   a - +1 hand crossbow
rCold   . . .      Faith    .   (no shield)
rNeg    + . .      Spirit   .   c - +0 leather armour
rPois   ∞          Reflect  .   (no helmet)
rElec   +          Harm     .   k - +0 cloak
rCorr   .          Rampage  .   (no gloves)
Will    .....                   (no boots)
Stlth   +.........              e - amulet of the acrobat
HPRegen 0.06/turn               f - ring of protection from fire
MPRegen 0.08/turn               (no ring)

@: no status effects
A: sickness immunity, AC +2, negative energy resistance 1, electricity
resistance, torment resistance 1, petrification resistance
a: no special abilities


You were on level 2 of the Dungeon.
You visited 1 branch of the dungeon, and saw 2 of its levels.

You collected 54 gold pieces.

Inventory:

Hand Weapons
 a - a +1 hand crossbow (weapon)
 b - a +0 short sword
 j - a +1 dagger of pain
Missiles
 d - 7 bolts (quivered ammo)
Armour
 c - a +0 leather armour (worn)
 k - a +0 cloak (worn)
Jewellery
 e - an amulet of the acrobat (around neck)
 f - a ring of protection from fire (left hand)
Scrolls
 i - a scroll of identify {unknown}
Potions
 g - a potion of lignification


   Skills:
 + Level 2.5 Fighting
 + Level 4.2 Crossbows
 + Level 1.0 Armour
 + Level 1.9 Dodging
 - Level 1.1 Stealth


You had one spell level left.
You didn't know any spells.
Your spell library was empty.

Dungeon Overview and Level Annotations

Branches:
Dungeon (2/15)

Altars:

Annotations:
D:2 Sigmund


Innate Abilities, Weirdness & Mutations

You are immune to sickness and miasma.
Your stone body is resilient. (AC +2)
You are immune to poison.
You resist negative energy. (rN+)
You are resistant to electric shocks. (rElec)
You are resistant to unholy torment.
You are immune to petrification.


Message History

You hear some strange, mumbled words.
You are confused.
Something hits you but does no damage.
Non-targeted confused fire: 14 bolts
Press: ? - help, Q - select action Dir - look around, f - activate You shoot a bolt.
Non-targeted confused fire: 13 bolts
Press: ? - help, Q - select action Dir - look around, f - activate You shoot a bolt.
Something hits you but does no damage.
Non-targeted confused fire: 12 bolts
Press: ? - help, Q - select action Dir - look around, f - activate You shoot a bolt.
Something hits you but does no damage.
Non-targeted confused fire: 11 bolts
Press: ? - help, Q - select action Dir - look around, f - activate You shoot a bolt.
A magic dart appears from out of thin air!
The magic dart hits you but does no damage.
Non-targeted confused fire: 10 bolts
Press: ? - help, Q - select action Dir - look around, f - activate You shoot a bolt.
You feel less wooden.
Your +0 cloak unmelds from your body.
Your +0 leather armour unmelds from your body.
Something hits you!
Ouch! That really hurt!
Non-targeted confused fire: 9 bolts
Press: ? - help, Q - select action Dir - look around, f - activate You shoot a bolt.
You feel less confused.
A magic dart appears from out of thin air!
The magic dart hits you.
* * * LOW HITPOINT WARNING * * *
Fire: 8 bolts
Press: ? - help, Q - select action Shift-Dir - straight line You shoot a bolt.
Something hits you!
Ouch! That really hurt!
You die...

##############
....((.(.....#
.####{.@...).#
...(.......#.#######
.####.####..........
#. ###.####### # #.#
#÷# #.# #.# #.######


There were no monsters in sight!

Vanquished Creatures
  An adder (D:2)
  A giant cockroach (D:1)
  2 goblins
  A hobgoblin (D:1)
  2 jackals (D:1)
  A frilled lizard (D:1)
  A kobold (D:1)
  2 rats (D:1)
11 creatures vanquished.

Notes
Turn   | Place    | Note
-------+----------+-------------------------------------------
     0 | D:1      | Saba the Gargoyle Hunter began the quest for the Orb.
     0 | D:1      | Reached XP level 1. HP: 12/12 MP: 1/1
   101 | D:1      | Reached XP level 2. HP: 15/18 MP: 2/2
   734 | D:2      | Reached skill level 1 in Armour
  1083 | D:2      | Noticed Sigmund
  1101 | D:2      | Mangled by Sigmund

Illustrated notes

Levels and vault maps discovered:
D:1:      minmay_arrival_checkered_box, layout_rooms
D:2:      minmay_recursive_quarters, layout_loops_ring,
          hellmonk_ecumenical_altar_leap_of_faith, lightli_corner_chamber,
          uniq_sigmund

Skill      XL: |  1  2 |
---------------+-------+-----
Armour         | 1 |  1.0
Fighting       | |  2.5
Crossbows      | |  4.2
Dodging        | |  1.9
Stealth        | |  1.1

Action                   || total
-------------------------++-------
Melee: Short sword       ||    57
 Fire: Hand crossbow     ||    13
  Use: Potion            ||     3
 Stab: Sleeping          ||     1
Armor: Leather armour    ||    15
       Skin              ||     6
Dodge: Dodged            ||    29
